 Dungeon Crawl Stone Soup version 0.27-a0-203-gd48b2df3c9 (webtiles) character file.

Game seed: 18157210120630683691

200 gimp the Digger (level 5, 0/34 (35) HPs)
             Began as a Demonspawn Earth Elementalist on Jan 30, 2021.
             Slain by a wight
             ... wielding a cursed +2 halberd
              (11 damage)
             ... on level 3 of the Dungeon.
             The game lasted 00:06:03 (3559 turns).

gimp the Digger (Demonspawn Earth Elementalist)     Turns: 3559, Time: 00:06:03

HP:   0/34 (35)     AC:  3    Str:  9    XL:     5   Next: 48%
MP:   2/8           EV: 12    Int: 17    God:
Gold: 176           SH:  0    Dex: 13    Spells: 4/8 levels left

rFire    . . .     SeeInvis .   a - +0 short sword
rCold    . . .     Faith    .   (no shield)
rNeg     . . .     Spirit   .   c - +0 robe
rPois    .         Reflect  .   (no helmet)
rElec    .         Harm     .   r - scarf {repulsion}
rCorr    .         Rampage  .   (no gloves)
Will     .....                  s - +0 pair of boots
Stlth    ++........             (no amulet)
HPRegen  0.11/turn              (no ring)
MPRegen  0.11/turn              (no ring)

@: lightly drained, repel missiles
A: spiny 1
a: no special abilities


You were on level 3 of the Dungeon.
You visited 1 branch of the dungeon, and saw 3 of its levels.

You collected 176 gold pieces.

Inventory:

Hand Weapons
 a - a +0 short sword (weapon)
Missiles
 b - 56 stones
 e - 28 poisoned darts
Armour
 c - a +0 robe (worn)
 i - a +0 buckler
 r - a scarf of repulsion (worn)
 s - a +0 pair of boots (worn)
Jewellery
 q - an uncursed ring of flight {unknown}
Wands
 n - a wand of enslavement (8)
Scrolls
 h - 2 scrolls of identify {unknown}
 k - 2 scrolls of teleportation {unknown}
 m - 3 scrolls of enchant armour {unknown}
 o - 4 scrolls of amnesia {unknown}
Potions
 d - a potion of curing {unknown}
 f - a potion of lignification {unknown}
 g - a potion of flight {unknown}
 j - a potion of heal wounds {unknown}
 l - 2 potions of magic {unknown}
 p - a potion of might {unknown}


   Skills:
 - Level 1.7 Dodging
 - Level 1.7 Stealth
 - Level 2.0 Spellcasting
 * Level 2.7 Conjurations
 - Level 2.0 Transmutations
 * Level 4.5 Earth Magic


You had 4 spell levels left.
You knew the following spells:

 Your Spells              Type           Power        Failure   Level
a - Sandblast             Erth           34%          3%          1
b - Stone Arrow           Conj/Erth      28%          13%         3

Your spell library contained the following spells:

 Spells                   Type           Power        Failure   Level
 Passwall                 Tmut/Erth      10%          8%          2
 Petrify                  Tmut/Erth      12%          45%         4
 Lee's Rapid Deconstruct  Erth           8%           63%         5


Dungeon Overview and Level Annotations

Branches:
Dungeon (3/15)

Altars:
Zin

Annotations:
D:3 3 runed translucent doors, Xavori's ghost, amateur DsCK


Innate Abilities, Weirdness & Mutations

You are partially covered in sharp spines.


Message History

The wight closely misses you.
You now have 4/8 mp.
Casting: Sandblast (safe; 3% risk of failure)
Confirm with . or Enter, or press ? or * to list all spells.
Aiming: Sandblast (safe; 3% risk of failure)
Press: ? - help, Shift-Dir - straight line, f/p - wight
Aim: a wight, wielding a +2 halberd and wearing a +0 robe (heavily damaged, 21% to evade)
The blast of sand hits the wight but does no damage.
The wight is heavily damaged.
The wight barely misses you.
You now have 3/8 mp.
Casting: Sandblast (safe; 3% risk of failure)
Confirm with . or Enter, or press ? or * to list all spells.
Aiming: Sandblast (safe; 3% risk of failure)
Press: ? - help, Shift-Dir - straight line, f/p - wight
Aim: a wight, wielding a +2 halberd and wearing a +0 robe (heavily damaged, 21% to evade)
The blast of sand hits the wight but does no damage.
The wight is heavily damaged.
The wight hits you from afar with a cursed +2 halberd!
You die...

####.##..####.# #.........# ###.#
.....##..####.# ####..###.# #.#
#######.......# ##.# #.#####.# ##
#.####### #.# #..[....# .## #.#
#.# ########) ..## #.### #.###
##.. ...####.#.## #.#.## ##...
....##.....##########....####....
....'.........z.@...........+....
....####...##########....####....
...## ##.## #.#.## ##... ..## #.#
#.#### ##.. .## #.# #....# ##. ##
#.# ####.# ## ## #.# #.# # .# #.#
#.# # .# #.# ##


You could see a wight.

Vanquished Creatures
  A wight (D:2)
  3 gnolls (D:3)
  4 adders
  An ooze (D:1)
  4 worms
  3 leopard geckos
  An orc (D:3)
  A ball python (D:2)
  5 giant cockroaches
  6 goblins
  9 hobgoblins
  3 quokkas (D:2)
  10 bats
  3 frilled lizards
  8 kobolds
  14 rats
76 creatures vanquished.

Notes
Turn   | Place    | Note
-------+----------+-------------------------------------------
     0 | D:1      | gimp the Demonspawn Earth Elementalist began the quest for
                  | the Orb.
     0 | D:1      | Reached XP level 1. HP: 13/13 MP: 3/3
   102 | D:1      | Reached skill level 1 in Transmutations
   218 | D:1      | Reached skill level 3 in Earth Magic
   225 | D:1      | Gained mutation: You are partially covered in sharp spines.
                  | [demonic ancestry]
   225 | D:1      | Reached XP level 2. HP: 13/19 MP: 0/5
   786 | D:1      | You fall into a shaft and drop 1 floor!
   845 | D:2      | Reached XP level 3. HP: 24/24 MP: 3/6
   931 | D:2      | Found a glowing silver altar of Zin.
   947 | D:2      | Learned a level 3 spell: Stone Arrow
  1307 | D:2      | Reached skill level 1 in Conjurations
  1307 | D:2      | Reached XP level 4. HP: 20/30 MP: 3/7
  1618 | D:2      | Reached skill level 4 in Earth Magic
  2748 | D:3      | Reached XP level 5. HP: 29/35 MP: 0/8
  3014 | D:3      | Found a faded altar of an unknown god.
  3088 | D:3      | Found a runed translucent gate.
  3089 | D:3      | Found a runed translucent gate.
  3090 | D:3      | Found a runed translucent gate.
  3091 | D:3      | Noticed Xavori's ghost (amateur DsCK)
  3559 | D:3      | Slain by a wight

Illustrated notes

Levels and vault maps discovered:
D:1:      dpeg_arrival_tiny_f, layout_basic, minmay_pentomino_p4
D:2:      layout_rooms, lemuel_crystal_altar
D:3:      layout_loops_corners, chequers_ecumenical_altar_simple,
          gammafunk_ghost_necromancy

Skill      XL: |  1  2  3  4 |
---------------+-------------+-----
Transmutations | 1 2 |  2.0
Earth Magic    | 3 4 |  4.5
Conjurations   | 1 2 |  2.7
Dodging        | |  1.7
Stealth        | |  1.7
Spellcasting   | |  2.0

Action                   |  1- 3 |  4- 6 || total
-------------------------+-------+-------++-------
Melee: Short sword       |    45 |    48 ||    93
 Cast: Sandblast         |    37 |    46 ||    83
 Stab: Sleeping          |     1 |     4 ||     5
Armor: Robe              |     5 |     4 ||     9
Dodge: Dodged            |    25 |    42 ||    67

Table legend: (Time is in decaauts)
 A = Elapsed time spent in this place.
 B = Non-inter-level travel time spent in this place.
 C = Inter-level travel time spent in this place.
 D = Time resting spent in this place.
 E = Time spent auto-exploring this place.
 F = Levels seen in this place.
 G = Mean time per level.
                   A        B        C        D        E       F      G
               +--------+--------+--------+--------+--------+-----+--------+
         Total |   3570 |   3495 |     75 |    259 |   2588 |   3 | 1190.0 |
       Dungeon |   3570 |   3495 |     75 |    259 |   2588 |   3 | 1190.0 |
               +--------+--------+--------+--------+--------+-----+--------+

Top non-repeatable levels by time:
     D:1: 1352 daAuts
     D:2: 1254 daAuts
     D:3: 963 daAuts
